 Dungeon Crawl Stone Soup version 0.29.0-4-gdea44cf6ec (webtiles) character file.

Game seed: 8996805644211646081

149 qw the Chopper (level 5, -4/30 HPs)
             Began as a Tengu Warper on Aug 28, 2022.
             Killed by nerve-wracking pain
             ... invoked by an orc priest
              (7 damage)
             ... on level 3 of the Dungeon.
             The game lasted 00:00:16 (3951 turns).

qw the Chopper (Tengu Warper)                       Turns: 3951, Time: 00:00:16

Health: -4/30      AC:  5    Str: 19    XL:     5   Next: 31%
Magic:  0/9        EV: 14    Int: 12    God:
Gold:   126        SH:  0    Dex: 13    Spells: 8/8 levels left

rFire   . . .      SeeInvis .   j - +0 war axe
rCold   . . .      Faith    .   (no shield)
rNeg    . . .      Spirit   +   e - +1 leather armour "Iracyun" {Str+2 Stlth+}
rPois   .          Reflect  .   (helmet restricted)
rElec   .          Harm     .   a - +0 cloak
rCorr   .          Rampage  .   (no gloves)
Will    .....      Clarity  +   (boots unavailable)
Stlth   ++........              k - amulet of guardian spirit
HPRegen 0.10/turn               (no ring)
MPRegen 0.11/turn               (no ring)

@: flying quickly and evasively, quick
A: beak, talons 3, nimble flight, clarity, strong 1, evolution 1
a: no special abilities


You were on level 3 of the Dungeon.
You visited 1 branch of the dungeon, and saw 3 of its levels.

You collected 126 gold pieces.


Innate Abilities, Weirdness & Mutations

You have a beak for a mouth.
You have claws for feet.
Your magical nature lets you fly swiftly and evasively.
You possess an exceptional clarity of mind.
Your muscles are strong. (Str +4, Int/Dex -1)
You have hidden genetic potential.


   Skills:
 - Level 2.0 Fighting
 + Level 5.9 Axes
 - Level 1.0 Throwing
 - Level 1.1 Armour
 - Level 2.1 Dodging
 - Level 2.0 Spellcasting
 - Level 2.4 Translocations


You had 8 spell levels left.
You didn't know any spells.
Your spell library contained the following spells:

 Spells                   Type           Power      Damage    Failure   Level
 Blink                    Tloc           12%        N/A       19%         2
 Gell's Gravitas          Tloc           6%         N/A       36%         3
 Lesser Beckoning         Tloc           6%         N/A       36%         3
 Teleport Other           Tloc           6%         N/A       36%         3
 Manifold Assault         Tloc           6%         N/A       98%         5

Inventory:

Hand Weapons
 d - a +0 flail
 j - a +0 war axe (weapon)
Armour
 a - a +0 cloak (worn)
 e - the +1 leather armour "Iracyun" (worn) {Str+2 Stlth+}
   (You found it on level 2 of the Dungeon)

   Str:       It affects your strength (+2).
   Stlth:     It makes you more stealthy.
 g - a +0 ring mail
Jewellery
 b - a ring of positive energy
 c - a +6 ring of strength
 k - an amulet of guardian spirit (around neck)
Scrolls
 l - a scroll of identify
Potions
 f - 2 potions of curing
 h - 2 potions of mutation
 i - 2 potions of heal wounds {unknown}

Dungeon Overview and Level Annotations

Branches:
Dungeon (3/15)

Altars:
Ru


Message History

You closely miss the orc. The orc hits you with a +3 short sword!
The orc hits you with a +0 dagger.
You hit the orc but do no damage. Your kick misses the orc.
Your peck misses the orc.
The orc is heavily wounded.
You hit the orc but do no damage.
An orc priest comes into view.
It is wielding a +0 club and wearing a +3 leather armour of willpower.
The orc closely misses you. The orc hits you with a +3 short sword.
You hit the orc.
The orc is almost dead.
You closely miss the orc. The orc hits you with a +3 short sword.
The orc misses you.
You slash the orc!
You kill the orc!
You closely miss the orc. The orc hits you but does no damage.
You barely miss the orc priest.
You claw the orc priest, but do no damage.
You hit the orc.
The orc priest invokes the aid of Beogh against you.
Pain shoots through your body! The orc closely misses you.
The orc priest hits you with a +0 club. The orc closely misses you.
You hit the orc. You claw the orc.
The orc is almost dead.
You hit the orc priest. The orc priest hits you with a +0 club.
The orc hits you with a +0 dagger.
You closely miss the orc. You claw the orc.
You kill the orc!
You hit the orc priest but do no damage.
The orc priest completely misses you.
You barely miss the orc priest.
You claw the orc priest, but do no damage.
Your peck misses the orc priest.
The orc priest is lightly wounded.
The orc priest hits you with a +0 club.
You closely miss the orc priest.
The orc priest is lightly wounded.
The orc priest calls down the wrath of Beogh upon you.
Pain shoots through your body!
You die...

#..# #.# .#..# #.#
.#..###. #.# <#...... #.#
#.# #.#......##.# #.#
#.#..#....... ..#
#######.#..#.##.#.# ..# #
#..........#.#..#.#
#.#.####@##..#.#..#.#
#.#.####o)........#.#####
#....o.J..####%#.........
###o#####.# #.##.#.#####
#...# #.# #....#.# #o###
#.# ####.#.# #! #.# #.#.#
#. #.# #.#.# #J ..# #.#.#


You could see an orc priest and an endoplasm (wandering).

Vanquished Creatures
  An orc priest (D:3)
  Jessica (D:2)
  3 gnolls (D:2)
  An adder (D:2)
  4 dart slugs
  6 orcs (D:3)
  4 ball pythons
  4 bats
  3 endoplasms
  A giant cockroach (D:2)
  3 hobgoblins (D:1)
  6 kobolds
  A quokka (D:1)
  2 frilled lizards
  3 goblins
  A rat (D:1)
44 creatures vanquished.

Notes
Turn   | Place    | Note
-------+----------+-------------------------------------------
     0 | D:1      | qw the Tengu Warper began the quest for the Orb.
     0 | D:1      | Reached XP level 1. HP: 12/12 MP: 4/4
     0 | D:1      | 0 ||| qw: Version: 0.1-a-89-g26bdef1
     0 | D:1      | 0 ||| qw: Game counter: 1393
     0 | D:1      | 0 ||| qw: Always use a shield: true
     0 | D:1      | 0 ||| qw: God list: Okawaru
     0 | D:1      | 0 ||| qw: Allow faded altars: false
     0 | D:1      | 0 ||| qw: Do Orc after D:15 true
     0 | D:1      | 0 ||| qw: Do second Lair branch before Depths: true
     0 | D:1      | 0 ||| qw: Lair rune preference: random
     0 | D:1      | 0 ||| qw: Plans: Normal
     0 | D:1      | 0 ||| PLANNING D:1-11
   228 | D:1      | Reached skill level 3 in Axes
   228 | D:1      | Reached XP level 2. HP: 13/17 MP: 6/6
   345 | D:1      | 345 ||| DROPPING +0 club.
   489 | D:1      | 489 ||| Stepping ~*~*~tactically~*~*~ (hiding).
   591 | D:1      | 591 ||| Stepping ~*~*~tactically~*~*~ (hiding).
   693 | D:1      | 693 ||| Stepping ~*~*~tactically~*~*~ (hiding).
   695 | D:1      | 695 ||| Stepping ~*~*~tactically~*~*~ (hiding).
  1153 | D:1      | Found a faded altar of an unknown god.
  1416 | D:1      | 1416 ||| READING scroll labelled TAL YTZUHAEXU.
  1417 | D:1      | 1417 ||| READING scroll labelled EKKYEFY NOEPP.
  1418 | D:1      | 1418 ||| DRINKING 2 fuming emerald potions.
  1419 | D:1      | 1419 ||| DRINKING 3 fuming orange potions.
  1419 | D:1      | Gained mutation: Your muscles are strong. (Str +4, Int/Dex
                  | -1) [potion of mutation]
  1419 | D:1      | Gained mutation: You have hidden genetic potential. [potion
                  | of mutation]
  1420 | D:1      | 1420 ||| DROPPING scroll of blinking.
  1447 | D:2      | 1447 ||| STAIRDANCE
  1557 | D:2      | HP: 4/17 [poisoned by an adder]
  1559 | D:2      | Reached skill level 4 in Axes
  1559 | D:2      | Reached XP level 3. HP: 4/21 MP: 7/7
  1849 | D:2      | Reached XP level 4. HP: 22/26 MP: 8/8
  1856 | D:2      | Gained mutation: You possess an exceptional clarity of
                  | mind. [hidden potential]
  1922 | D:2      | Identified the +1 leather armour "Iracyun" {Str+2 Stlth+}
  2011 | D:2      | 2011 ||| Stepping ~*~*~tactically~*~*~ (stealth).
  2012 | D:2      | 2012 ||| Stepping ~*~*~tactically~*~*~ (stealth).
  2090 | D:2      | Found a sacrificial altar of Ru.
  2208 | D:2      | Noticed Jessica
  2214 | D:2      | Killed Jessica
  2215 | D:2      | Reached skill level 5 in Axes
  2386 | D:2      | 2386 ||| Stepping ~*~*~tactically~*~*~ (hiding).
  2656 | D:2      | 2656 ||| UPGRADING to +0 cloak.
  2661 | D:2      | 2661 ||| UPGRADING to +1 leather armour "Iracyun" {Str+2
                  | Stlth+}.
  2671 | D:2      | 2671 ||| DROPPING +0 leather armour.
  2672 | D:2      | 2672 ||| UPGRADING to amulet of guardian spirit.
  2677 | D:2      | 2677 ||| READING scroll labelled NEAMNE MAURIREL.
  2678 | D:2      | 2678 ||| READING scroll labelled SIRACU CACALU.
  2779 | D:2      | 2779 ||| READING scroll labelled ACUSOGEURGH.
  2794 | D:3      | 2794 ||| Stepping ~*~*~tactically~*~*~ (hiding).
  2896 | D:3      | 2896 ||| Stepping ~*~*~tactically~*~*~ (hiding).
  2998 | D:3      | 2998 ||| Stepping ~*~*~tactically~*~*~ (hiding).
  3100 | D:3      | 3100 ||| Stepping ~*~*~tactically~*~*~ (hiding).
  3202 | D:3      | 3202 ||| Stepping ~*~*~tactically~*~*~ (hiding).
  3265 | D:3      | 3265 ||| Stepping ~*~*~tactically~*~*~ (hiding).
  3284 | D:3      | 3284 ||| Stepping ~*~*~tactically~*~*~ (hiding).
  3334 | D:3      | 3334 ||| Stepping ~*~*~tactically~*~*~ (hiding).
  3352 | D:3      | HP: 5/26 [orc priest/+0 whip (4)]
  3355 | D:3      | Gained mutation: Your magical nature lets you fly swiftly
                  | and evasively. [Tengu growth]
  3355 | D:3      | Reached XP level 5. HP: 7/30 MP: 2/9
  3363 | D:3      | 3363 ||| STAIRDANCE
  3690 | D:3      | 3690 ||| Stepping ~*~*~tactically~*~*~ (stealth).
  3692 | D:3      | 3692 ||| Stepping ~*~*~tactically~*~*~ (stealth).
  3871 | D:3      | 3871 ||| SWAPPING to +0 war axe.
  3886 | D:3      | 3886 ||| DROPPING +1 hand axe.
  3932 | D:3      | 3932 ||| Stepping ~*~*~tactically~*~*~ (stealth).
  3933 | D:3      | 3933 ||| FLEEEEING.
  3934 | D:3      | 3934 ||| FLEEEEING.
  3935 | D:3      | 3935 ||| FLEEEEING.
  3936 | D:3      | 3936 ||| FLEEEEING.
  3937 | D:3      | 3937 ||| FLEEEEING.
  3938 | D:3      | 3938 ||| FLEEEEING.
  3948 | D:3      | HP: 7/30 [orc priest/+0 club (2)]
  3950 | D:3      | HP: 3/30 [orc priest/+0 club (3)]
  3951 | D:3      | Killed from afar by an orc priest

Levels and vault maps discovered:
D:1:      lightli_arrival_windingriver, layout_basic,
          shapermc_ecumenical_altar_flowoftime
D:2:      layout_rooms, basic_altar, uniq_jessica
D:3:      layout_basic

Skill      XL: |  1  2  3  4 |
---------------+-------------+-----
Axes           | 3 4 5 |  5.9
Fighting       | |  2.0
Throwing       | |  1.0
Armour         | |  1.1
Dodging        | |  2.1
Spellcasting   | |  2.0
Translocations | |  2.4

Action                   |  1- 3 |  4- 6 || total
-------------------------+-------+-------++-------
Melee: Hand axe          |    53 |    38 ||    91
       Kick              |    17 |    14 ||    31
       Peck              |     5 |    11 ||    16
       War axe           |       |    21 ||    21
Throw: Boomerang         |     7 |       ||     7
  Use: Scroll            |     2 |     3 ||     5
       Potion            |     2 |       ||     2
 Stab: Sleeping          |       |     1 ||     1
Armor: Leather armour    |    11 |     7 ||    18
Dodge: Dodged            |    29 |    36 ||    65

Table legend:
 A = Non-vault XP
 B = Vault XP
 C = Vault XP percentage of total XP
 D = Non-vault monster count
 E = Vault monster count
 F = Vault count percentage of total count
                 A         B        C        D         E       F
            +---------+---------+-------+---------+---------+-------
      Total |     176 |      37 |  17.4 |      43 |       1 |   2.3
            +---------+---------+-------+---------+---------+-------
        D:1 |      30 |       0 |   0.0 |      16 |       0 |   0.0
        D:2 |      77 |      37 |  32.5 |      15 |       1 |   6.2
        D:3 |      69 |       0 |   0.0 |      12 |       0 |   0.0
            +---------+---------+-------+---------+---------+-------
